 Dungeon Crawl Stone Soup version 0.29.1-12-g30fa7ad0bf (webtiles) character file.

Game seed: 7366190767145259115

68 wormed the Trooper (level 4, -1/41 HPs)
             Began as a Minotaur Berserker on Dec 19, 2022.
             Was a Believer of Trog.
             Succumbed to their own poison gas
             ... on level 2 of the Dungeon.
             The game lasted 00:11:07 (1005 turns).

wormed the Trooper (Minotaur Berserker)             Turns: 1005, Time: 00:11:07

Health: -1/41      AC:  9    Str: 22    XL:     4   Next: 1%
Magic:  3/3        EV:  8    Int:  4    God:    Trog [**....]
Gold:   67         SH:  0    Dex: 11    Spells: 3/3 levels left

rFire   . . .      SeeInvis .   i - +1 whip
rCold   . . .      Faith    .   (no shield)
rNeg    . . .      Spirit   .   l - +0 chain mail
rPois   .          Reflect  .   (helmet restricted)
rElec   .          Harm     .   (no cloak)
rCorr   .          Rampage  .   (no gloves)
Will    .....                   (no boots)
Stlth   ..........              (no amulet)
HPRegen 0.13/turn               (no ring)
MPRegen 0.08/turn               (no ring)

@: lethally poisoned (-1 -> -34)
A: horns 2, retaliatory headbutt
a: Renounce Religion, Berserk, Trog's Hand


You were on level 2 of the Dungeon.
You worshipped Trog.
Trog was pleased with you.
You visited 1 branch of the dungeon, and saw 2 of its levels.

You collected 67 gold pieces.

Inventory:

Hand Weapons
 i - a +1 whip (weapon)
Armour
 l - a +0 chain mail (worn)
Jewellery
 a - a ring of wizardry
Scrolls
 f - a scroll of magic mapping {unknown}
 h - a scroll of enchant armour {unknown}
 k - a scroll of teleportation {unknown}
 m - a scroll of identify {unknown}
Potions
 b - a potion of curing {unknown}
 g - a potion of attraction
 j - a potion of ambrosia {unknown}


   Skills:
 + Level 4.3 Fighting
 + Level 4.3 Maces & Flails
 + Level 3.3 Armour
 + Level 3.0 Dodging


You had 3 spell levels left.
You didn't know any spells.
Your spell library contained the following spells:

 Spells                   Type           Power      Damage    Failure   Level
 Summon Small Mammal      Summ           0%         N/A       99%         1
 Call Canine Familiar     Summ           0%         N/A       100%        3
 Summon Guardian Golem    Hex/Summ       0%         N/A       100%        3
 Passage of Golubria      Tloc           0%         N/A       100%        4
 Silence                  Hex/Air        0%         N/A       100%        5
 Lehudib's Crystal Spear  Conj/Erth      0%         10d2      100%        8


Dungeon Overview and Level Annotations

Branches:
Dungeon (2/15)

Altars:

Shops:
D:2 (


Innate Abilities, Weirdness & Mutations

You have a pair of horns on your head.
You reflexively headbutt those who attack you in melee.


Message History

You headbutt the goblin!
You kill the goblin!
Trog accepts your kill.
You closely miss the adder. You headbutt the adder.
You kill the adder!
Trog accepts your kill.
Your Dodging skill increases to level 3!
You see here a +2 dagger of protection.
You closely miss the orc. Your headbutt misses the orc.
The orc barely misses you. You furiously retaliate!
You headbutt the orc.
You kill the orc!
Trog accepts your kill.
You have reached level 4!
You feel stronger.
Found a scroll labelled PAHAFI BOVOST.
Things that are here:
a +0 short sword; a +0 leather armour; an orc corpse You see here a +2 dagger of protection.
As you read the scroll labelled PAHAFI BOVOST, it crumbles to dust.
It is a scroll of amnesia.
You feel forgetful for a moment.
As you read the scroll labelled VUOKOSCH IC DAST, it crumbles to dust.
It is a scroll of enchant weapon.
Your +0 whip glows red for a moment.
The air fills with toxic fumes!
As you read the scroll labelled RAAKKE JIAD, it crumbles to dust.
It was a scroll of poison.
Really walk into that cloud of poison gas? [Y]es or [N]o only, please.
Really walk into that cloud of poison gas?
You are engulfed in poison gas.
You are poisoned.
You feel very sick.
You are engulfed in poison gas.
You are lethally poisoned!
You feel extremely sick.
You open the door.
You are engulfed in poison gas.
You are more poisoned.
* * * LOW HITPOINT WARNING * * *
You feel extremely sick.
Found 16 gold pieces.
You die...

###### #§§§§#
#§§§§######## ..
+§§§§@$...... .#
#§§§§######## .#
#§§§§###### .##
######§§.§§....# ..#
....§§§§§§§§...######
..#
..§§§§§§§§§§§.......#
..#
..§§§§§########.#####
<.# ..§§§§§ #.# ..#
..§§§§. #######'##


There were no monsters in sight!

Vanquished Creatures
  3 adders (D:2)
  A dart slug (D:2)
  An orc (D:2)
  2 endoplasms
  2 giant cockroaches (D:1)
  3 hobgoblins (D:1)
  3 quokkas (D:1)
  3 ball pythons (D:1)
  7 bats
  6 frilled lizards (D:1)
  2 goblins
  4 kobolds
  6 rats
43 creatures vanquished.

Notes
Turn   | Place    | Note
-------+----------+-------------------------------------------
     0 | D:1      | wormed the Minotaur Berserker began the quest for the Orb.
     0 | D:1      | Reached XP level 1. HP: 19/19 MP: 0/0
   141 | D:1      | Reached XP level 2. HP: 26/27 MP: 1/1
   317 | D:1      | Reached ** piety under Trog
   677 | D:2      | Found Keydghie's Weapon Shoppe.
   758 | D:2      | Reached XP level 3. HP: 33/33 MP: 2/2
   995 | D:2      | Reached XP level 4. HP: 39/41 MP: 3/3
  1005 | D:2      | Succumbed to their own poison gas

Illustrated notes

Levels and vault maps discovered:
D:1:      tarquinn_simple_flora_water_e, layout_rooms, minmay_vboxes
D:2:      layout_basic, shapermc_ecumenical_altar_flowoftime, serial_shops,
          nicolae_shop_bloodbath_and_beyond

Skill      XL: |  1  2  3 |
---------------+----------+-----
Fighting       | 4 |  4.3
Maces & Flails | 4 |  4.3
Armour         | 3 |  3.3
Dodging        | 3 |  3.0

Action                   |  1- 3 |  4- 6 || total
-------------------------+-------+-------++-------
Melee: Mace              |    45 |       ||    45
       Headbutt          |     7 |       ||     7
       Whip              |    39 |       ||    39
Invok: Berserk           |     1 |       ||     1
  Use: Potion            |     1 |       ||     1
       Scroll            |       |     3 ||     3
Armor: Ring mail         |    20 |       ||    20
       Animal skin       |     3 |       ||     3
       Chain mail        |    15 |       ||    15
Dodge: Dodged            |    54 |       ||    54
